 Dungeon Sprint DCSS version 0.28-a0-224-g76b539d98b (webtiles) character file.

Game seed: 13601825487732361990

49 MikeHunt the Conjurer (level 3, -7/25 HPs)
             Began as a Naga Conjurer on Aug 21, 2021.
             Was a Follower of Hepliaklqana.
             Mangled by Pikel (11 damage)
             ... in the Dungeon (Sprint VII: "The Pits").
             The game lasted 00:03:40 (394 turns).

MikeHunt the Conjurer (Naga Conjurer)                Turns: 394, Time: 00:03:40

Health: -7/25      AC:  2    Str:  9    XL:     3   Next: 77%
Magic:  4/8        EV:  9    Int: 19    God:    Hepliaklqana [*.....]
Gold:   0          SH:  0    Dex:  9    Spells: 7/10 levels left

rFire   . . .      SeeInvis +   g - +2 trident (vorpal)
rCold   . . .      Faith    .   (no shield)
rNeg    . . .      Spirit   .   a - +0 robe
rPois   +          Reflect  .   (no helmet)
rElec   .          Harm     .   (no cloak)
rCorr   .          Rampage  .   (no gloves)
Will    .....      NoTele   +   (no barding)
Stlth   ++........              (no amulet)
HPRegen 0.08/turn               (no ring)
MPRegen 0.11/turn               (no ring)

@: on berserk cooldown, hasted and slowed, very slow
A: reduced essence, AC +1, large, see invisible, deformed body, poison
resistance, slowness 2, spit poison 1, naga tail 1
a: Spit Poison, Renounce Religion, Recall Ancestor, Ancestor Identity


You were in the Dungeon.
You worshipped Hepliaklqana.
Hepliaklqana was aware of your devotion.
You visited 1 branch

Inventory:

Hand Weapons
 g - a +2 vorpal trident (weapon)
Armour
 a - a +0 robe (worn)
 h - a +3 scale mail
Scrolls
 j - a scroll of summoning
 k - a scroll of blinking
Potions
 b - 6 potions of curing
 c - 4 potions of heal wounds
 e - 4 potions of magic
 f - a potion of berserk rage
 i - 2 potions of invisibility


   Skills:
 + Level 1.9 Polearms
 - Level 1.5 Dodging
 + Level 4.6 Stealth
 + Level 4.4 Spellcasting
 + Level 6.0 Conjurations


You had 7 spell levels left.
You knew the following spells:

 Your Spells              Type           Power      Damage    Failure   Level
a - Magic Dart            Conj           100%       1d8       1%          1
r - Searing Ray           Conj           54%        3d5       1%          2

Your spell library contained the following spells:

 Spells                   Type           Power      Damage    Failure   Level
 Dazzling Flash           Conj/Hex       30%        N/A       12%         3
 Fulminant Prism          Conj/Hex       7%         3d7       36%         4
 Iskenderun's Mystic Bla  Conj/Tloc      15%        2d5       36%         4


Dungeon Overview and Level Annotations

Branches:
Dungeon (1/1)

Altars:
Ashenzari
Cheibriados
Dithmenos
Elyvilon
Fedhas
Gozag
Hepliaklqana
Kikubaaqudgha
Makhleb
Nemelex Xobeh
Okawaru
Qazlal
Ru
Sif Muna
Trog
Uskayaw
Vehumet
Wu Jian
Xom
Yredelemnul
Zin
The Shining One
Beogh
Jiyva
Lugonu

Annotations:
D Ijyb, Pikel


Innate Abilities, Weirdness & Mutations

Your life essence is reduced to manifest your ancestor. (-10% HP)
Your serpentine skin is tough. (AC +1)
You have supernaturally acute eyesight. (SInv)
Armour fits poorly on your strangely shaped body.
Your system is resistant to poisons. (rPois)
You cover ground very slowly.
You can spit poison.
You have a snake-like lower body.


Message History

The jackal is almost dead.
The jackal completely misses you.
Reach: g) +2 trident (vorpal)
Press: ? - help, Dir - move target, f/p - Pikel
Aim: Pikel, wielding a +0 whip of electrocution and wearing a +0 robe (about 55% to evade your +2 vorpal trident)
The jackal is in the way.
You completely miss the jackal.
The jackal is almost dead.
The jackal closely misses you. The jackal barely misses you.
Reach: g) +2 trident (vorpal)
Press: ? - help, Dir - move target, f/p - Pikel
Aim: Pikel, wielding a +0 whip of electrocution and wearing a +0 robe (about 55% to evade your +2 vorpal trident)
You reach to attack!
You barely miss Pikel. The jackal barely misses you.
Reach: g) +2 trident (vorpal)
Press: ? - help, Dir - move target, f/p - Pikel
Aim: Pikel, wielding a +0 whip of electrocution and wearing a +0 robe (about 55% to evade your +2 vorpal trident)
You reach to attack!
You hit Pikel.
Pikel is lightly wounded.
The jackal bites you. x2
Reach: g) +2 trident (vorpal)
Press: ? - help, Dir - move target, f/p - Pikel
Aim: Pikel, wielding a +0 whip of electrocution and wearing a +0 robe (lightly wounded, about 55% to evade your +2 vorpal trident)
You reach to attack!
You hit Pikel.
Pikel is moderately wounded.
The jackal barely misses you. x2
Reach: g) +2 trident (vorpal)
Press: ? - help, Dir - move target, f/p - Pikel
Aim: Pikel, wielding a +0 whip of electrocution and wearing a +0 robe (moderately wounded, about 55% to evade your +2 vorpal trident)
The jackal is in the way.
You hit the jackal.
You kill the jackal!
Press: ? - help, v - describe, . - travel, g - get item
Here: Pikel, wielding a +0 whip of electrocution and wearing a +0 robe (moderately wounded) Item here: a jackal corpse.
The floor, spattered with blood.
Unknown command.
Okay, then.
Unknown command.
Pikel hits you with a +0 whip of electrocution!
* * * LOW HITPOINT WARNING * * *
You are electrocuted!
You die...

#.?(.')))'.##.....
##########.##.....
#.........÷.'.....
#'#####'#####.....
#.#...#÷#[.##.....
#.#...#÷#))#####'#
#.#...).#))##.....
#.##'####))##.....
#@#.....#..##.....
#K#.....#'###...<.
#.#........##.....
#W#........##.....
#h###########.....
#.h ###### #gh.
#l..# #.##.


You could see Pikel, a phantom, Ijyb, 3 jackals and a frilled lizard.

Vanquished Creatures
  3 lemures (D)
  An iron imp (D)
  A gnoll (D)
  An orc (D)
  A bat (D)
  2 bat skeletons (D)
  A giant cockroach (D)
  A jackal (D)
  A quokka (D)
  A ball python (D)
  A rat (D)
14 creatures vanquished.

Vanquished Creatures (others)
  An ancestor (D)
1 creature vanquished.

Grand Total: 15 creatures vanquished

Notes
Turn   | Place    | Note
-------+----------+-------------------------------------------
     0 | D        | MikeHunt the Naga Conjurer began the quest for the Orb.
     0 | D        | Reached XP level 1. HP: 15/15 MP: 3/3
    37 | D        | Found a glowing golden altar of the Shining One.
    37 | D        | Found a glowing silver altar of Zin.
    37 | D        | Found a basalt altar of Yredelemnul.
    37 | D        | Found a shimmering altar of Xom.
    37 | D        | Found an ornate altar of the Wu Jian Council.
    37 | D        | Found a bloodstained altar of Trog.
    37 | D        | Found a shimmering blue altar of Sif Muna.
    37 | D        | Found a sacrificial altar of Ru.
    37 | D        | Found a stormy altar of Qazlal.
    37 | D        | Found an iron altar of Okawaru.
    37 | D        | Found a sparkling altar of Nemelex Xobeh.
    37 | D        | Found a burning altar of Makhleb.
    37 | D        | Found a viscous altar of Jiyva.
    37 | D        | Found a hazy altar of Hepliaklqana.
    37 | D        | Found an opulent altar of Gozag.
    37 | D        | Found a blossoming altar of Fedhas.
    37 | D        | Found a white marble altar of Elyvilon.
    37 | D        | Found a shadowy altar of Dithmenos.
    37 | D        | Found a snail-covered altar of Cheibriados.
    38 | D        | Found a radiant altar of Vehumet.
    38 | D        | Found a corrupted altar of Lugonu.
    39 | D        | Found an ancient bone altar of Kikubaaqudgha.
    39 | D        | Found a hide-covered altar of Uskayaw.
    39 | D        | Found a broken altar of Ashenzari.
    41 | D        | Became a worshipper of Hepliaklqana the Forgotten
    96 | D        | Reached XP level 2. HP: 12/22 MP: 6/6
    98 | D        | Reached skill level 5 in Conjurations
   284 | D        | Learned a level 2 spell: Searing Ray
   344 | D        | Reached * piety under Hepliaklqana
   354 | D        | Noticed a lemure
   354 | D        | Noticed a lemure
   354 | D        | Noticed a lemure
   354 | D        | Noticed Pikel
   358 | D        | Noticed a lemure
   363 | D        | Killed a lemure
   364 | D        | Noticed Ijyb
   370 | D        | Killed a lemure
   372 | D        | Killed a lemure
   375 | D        | Noticed a phantom
   385 | D        | Reached skill level 1 in Polearms
   385 | D        | Reached skill level 6 in Conjurations
   385 | D        | Reached XP level 3. HP: 19/25 MP: 2/8
   394 | D        | Mangled by Pikel

Illustrated notes

Levels and vault maps discovered:
D:        pitsprint [storerooms_1, entrance_room_1, metal_vault_7, armoury_1,
          mini_pit_1, grid_room_1, main_hall_1, silver_pit, the_coven_1,
          the_vestibule_1, steel_vault_4, golden_pit, hallway_of_sentries,
          crystal_vault_2, iron_vault_2, final_vault]

Skill      XL: |  1  2 |
---------------+-------+-----
Spellcasting   | 3 4 |  4.4
Conjurations   | 6 |  6.0
Polearms       | 1 |  1.9
Stealth        | 4 |  4.6
Dodging        | |  1.5

Action                   || total
-------------------------++-------
Melee: Trident           ||    34
 Cast: Magic Dart        ||     2
       Searing Ray       ||     1
Invok: Ancestor Identity ||     1
 Abil: Spit Poison       ||     3
  Use: Potion            ||     5
 Stab: Sleeping          ||     2
Armor: Robe              ||     5
Dodge: Dodged            ||    25

Table legend: (Time is in decaauts)
 A = Elapsed time spent in this place.
 B = Non-inter-level travel time spent in this place.
 C = Inter-level travel time spent in this place.
 D = Time resting spent in this place.
 E = Time spent auto-exploring this place.
 F = Levels seen in this place.
 G = Mean time per level.
                   A        B        C        D        E       F      G
               +--------+--------+--------+--------+--------+-----+--------+
         Total |    453 |    453 |      0 |    209 |      0 |   1 |  453.0 |
       Dungeon |    453 |    453 |      0 |    209 |      0 |   1 |  453.0 |
               +--------+--------+--------+--------+--------+-----+--------+

Top non-repeatable levels by time:
       D: 453 daAuts
